 Dungeon Crawl Stone Soup version 0.17-a0-83-g894156c (console) character file.

112 utis the Vexing (level 4, -5/30 HPs)
             Began as a Vampire Enchanter on Mar 17, 2015.
             Slain by an ogre
             ... wielding a +0 giant club
              (19 damage)
             ... on level 3 of the Dungeon.
             The game lasted 00:07:17 (2136 turns).

utis the Vexing (Vampire Enchanter)                 Turns: 2136, Time: 00:07:18

Health: -5/30      AC:  5    Str:  7    XL:     4   Next: 63%
Magic:  3/7        EV: 13    Int: 17    God:
Gold:   45         SH:  0    Dex: 15    Spells: 3 memorised, 1 level left

rFire  . . .     SeeInvis +     a - +3 dagger (venom) {=f}
rCold  . . .     Clarity  .     b - +1 robe
rNeg   . . .     SustAb   .     (no shield)
rPois  .         Gourm    .     (no helmet)
rElec  .         Spirit   .     n - +1 cloak
rCorr  .         Warding  .     (no gloves)
rMut   .         Stasis   .     (no boots)
MR     .....                    (no amulet)
Stlth  +++.......               (no ring)
                                (no ring)

@: regenerating quickly, not resistant to hostile enchantments, fairly stealthy
A: bottle blood, fangs 3, see invisible, unbreathing
a: no special abilities


You were on level 3 of the Dungeon.
You were very full.

You visited 1 branch of the dungeon, and saw 3 of its levels.

You collected 45 gold pieces.

Inventory:

Hand weapons
 a - a +3 dagger of venom (weapon) {=f}
 m - a +1 dagger
Missiles
 k - 61 stones (quivered)
Armour
 b - a +1 robe (worn)
 n - a +1 cloak (worn)
Jewellery
 g - an uncursed ring of positive energy {unknown}
 s - an uncursed ring of magical power {unknown}
Scrolls
 t - a scroll of teleportation {unknown}
Potions
 d - 8 potions of blood
 e - a potion of lignification {unknown}
 f - a potion of flight {unknown}
 h - 2 potions of curing
 i - a potion of restore abilities {unknown}
 j - a potion of haste {unknown}
 o - a potion of cancellation {unknown}
Books
 c - a book of Maledictions

   Spells                             Type                      Level
   a - Corona                         Hexes                        1
   b - Sure Blade                     Hexes/Charms                 2
   c - Ensorcelled Hibernation        Hexes/Ice                    2
   d - Confuse                        Hexes                        3
   e - Dazzling Spray                 Conjuration/Hexes            3
   f - Enslavement                    Hexes                        4
Comestibles
 l - a bread ration
 q - a meat ration
 r - a poisonous chunk of flesh


   Skills:
 - Level 2.6 Short Blades
 + Level 2.4 Dodging
 - Level 4.4 Stealth
 - Level 2.0 Spellcasting
 - Level 5.8 Hexes
 - Level 2.3 Ice Magic


You had one spell level left.
You knew the following spells:

 Your Spells              Type           Power        Failure   Level  Hunger
a - Confuse               Hex            ###.....     8%          3    ###....
e - Ensorcelled Hibernat  Hex/Ice        ###...       6%          2    ###....
Z - Corona                Hex            ###....      1%          1    #......


Dungeon Overview and Level Annotations

Branches:
Dungeon (3/15)

Altars:


Innate Abilities, Weirdness & Mutations

Your natural rate of healing is unusually fast.
You can bottle blood from corpses.
You have razor-sharp teeth.
You have supernaturally acute eyesight.
You can survive without breathing.


Message History

You hit the ogre.
The ogre is poisoned.
The ogre is moderately wounded.
The ogre hits you with a giant club!
Ouch! That really hurt!
* * * LOW HITPOINT WARNING * * *
Unknown command.
Casting: Ensorcelled Hibernation
Confirm with . or Enter, or press ? or * to list all spells.
Aiming: Ensorcelled Hibernation
Press: ? - help, Shift-Dir - straight line, f - ogre
Aim: an ogre, wielding a giant club (moderately wounded, poisoned, chance 46%)
The ogre resists with some effort.
Casting: Ensorcelled Hibernation
Confirm with . or Enter, or press ? or * to list all spells.
Aiming: Ensorcelled Hibernation
Press: ? - help, Shift-Dir - straight line, f/p - ogre
Aim: an ogre, wielding a giant club (moderately wounded, poisoned, chance 46%)
The ogre resists with some effort.
The ogre hits you with a giant club!!
Ouch! That really hurt!
You die...

. .... .. .....
... ...... .....
....... ......
....... ▓......
....... .......
........▓▓........
▓.VO.......
▓.▓▓....... ▓†▓
..... ▓.▓ .... ▓.▓
▓▓▓ ▓<▓ ▓▓▓


You could see an ogre.

Vanquished Creatures
  2 adders (D:2)
  A gnoll (D:1)
  2 giant mites (D:2)
  A worm (D:1)
  2 giant geckos
  An ooze (D:1)
  2 ball pythons
  8 bats
  5 giant cockroaches
  11 goblins
  3 hobgoblins
  6 kobolds
  5 giant newts
  6 jackals
  5 rats
60 creatures vanquished.

Notes
Turn   | Place    | Note
--------------------------------------------------------------
     0 | D:1      | utis, the Vampire Enchanter, began the quest for the Orb.
     0 | D:1      | Reached XP level 1. HP: 13/13 MP: 3/3
   311 | D:1      | Reached XP level 2. HP: 2/19 MP: 0/4
   597 | D:1      | Learned a level 2 spell: Ensorcelled Hibernation
   737 | D:1      | Reached XP level 3. HP: 24/24 MP: 3/6
   792 | D:1      | Reached skill level 1 in Ice Magic
   887 | D:1      | Reached skill level 5 in Hexes
   991 | D:1      | Learned a level 3 spell: Confuse
  1664 | D:2      | Reached XP level 4. HP: 30/30 MP: 7/7
  2115 | D:3      | Noticed an ogre
  2136 | D:3      | Slain by an ogre

Action                   |  1- 3 |  4- 6 || total
-------------------------+-------+-------++-------
Melee: Dagger            |   100 |    25 ||   125
Throw: Stone             |     1 |       ||     1
 Cast: Corona            |     3 |       ||     3
       Ensorcelled Hiber |     1 |     2 ||     3
  Use: Scroll            |     4 |     1 ||     5
 Stab: Sleeping          |     8 |     2 ||    10
       Distracted        |     1 |       ||     1
  Eat: Corpse            |    14 |     1 ||    15
